 Dungeon Crawl Stone Soup version 0.28-b1-25-g9875b3f (webtiles) character file.

Game seed: 10292362280433026918

138 Host24 the Bolt Thrower (level 5, -1/32 HPs)
             Began as a Kobold Hunter on Feb 2, 2022.
             Was an Initiate of Okawaru.
             Killed from afar by an orc wizard (5 damage)
             ... with a magic dart
             ... on level 3 of the Dungeon.
             The game lasted 00:04:31 (3116 turns).

Host24 the Bolt Thrower (Kobold Hunter)             Turns: 3116, Time: 00:04:32

Health: -1/32      AC:  8    Str: 12    XL:     5   Next: 45%
Magic:  5/5        EV: 14    Int: 12    God:    Okawaru [......]
Gold:   117        SH:  0    Dex: 15    Spells: 4/4 levels left

rFire   . . .      SeeInvis .   a - +1 hand crossbow
rCold   . . .      Faith    .   (no shield)
rNeg    . . .      Spirit   .   c - +0 leather armour
rPois   .          Reflect  .   (no helmet)
rElec   .          Harm     .   j - +0 cloak
rCorr   .          Rampage  .   (no gloves)
Will    .....                   (no boots)
Stlth   +++.......              (no amulet)
HPRegen 0.10/turn               b - +4 ring of protection
MPRegen 0.09/turn               (no ring)

@: no status effects
A: small, no large weapons, nightstalker 3
a: Renounce Religion


You were on level 3 of the Dungeon.
You worshipped Okawaru.
Okawaru was noncommittal.
You visited 1 branch of the dungeon, and saw 3 of its levels.

You collected 117 gold pieces.

Inventory:

Hand Weapons
 a - a +1 hand crossbow (weapon)
 i - the +10 mace of Zerappyz {freeze, Fly rPois rCorr Int-3 Stlth-}
   (You found it on level 2 of the Dungeon)

   It freezes those it strikes, dealing additional cold damage.
   It can also slow down cold-blooded creatures.
   Int:       It affects your intelligence (-3).
   rPois:     It protects you from poison.
   Fly:       It grants you flight.
   rCorr:     It protects you from acid and corrosion.
   Stlth:     It makes you less stealthy.
 k - a +0 spear
Missiles
 d - 27 bolts (quivered ammo)
 f - 63 arrows
 o - 38 stones
Armour
 c - a +0 leather armour (worn)
 j - a +0 cloak (worn)
Jewellery
 b - a +4 ring of protection (left hand)
Scrolls
 e - 2 scrolls of immolation {unknown}
 g - a scroll of teleportation {unknown}
 h - 2 scrolls of vulnerability {unknown}
 n - a scroll of brand weapon {unknown}
 p - a scroll of fog {unknown}
 q - a scroll of enchant weapon {unknown}
 t - a scroll of amnesia {unknown}
Potions
 r - a potion of attraction {unknown}
 s - a potion of might {unknown}


   Skills:
 - Level 3.0 Fighting
 - Level 1.4 Maces & Flails
 + Level 6.6 Crossbows
 - Level 3.0 Dodging
 - Level 1.3 Stealth


You had 4 spell levels left.
You didn't know any spells.
Your spell library contained the following spells:

 Spells                   Type           Power      Damage    Failure   Level
 Scorch                   Fire           0%         2d5       54%         2
 Flame Wave               Conj/Fire      0%         2d4       99%         4
 Summon Cactus Giant      Summ           Unusable   N/A       N/A         6

Dungeon Overview and Level Annotations

Branches:
Dungeon (3/15)

Altars:
Okawaru


Innate Abilities, Weirdness & Mutations

You are small and have problems with some larger weapons.
You are completely attuned to the shadows.


Message History

* * * LOW HITPOINT WARNING * * *
The orc completely misses you.
Okay, then.
The orc wizard gestures at you while chanting.
The puff of flame misses you.
It was a potion of cancellation.
You feel magically purged.
It was a potion of curing.
You feel better.
Unknown command.
Okay, then.
You float gracefully downwards.
The +10 mace of Zerappyz {freeze, Fly rPois rCorr Int-3 Stlth-} stops glowing.
a - a +1 hand crossbow (weapon)
The orc wizard points at you and mumbles some strange words.
The puff of flame hits you.
* * * LOW HITPOINT WARNING * * *
Okay, then.
Fire: 30 bolts
Press: ? - help, Q - select action, (/) - cycle Shift-Dir - straight line, f - orc wizard
Aim: an orc wizard, wielding a +0 dagger and wearing a +0 robe (61% to hit)
You shoot a bolt. The bolt barely misses the orc wizard.
The bolt hits the orc!
You kill the orc!
Okawaru accepts your kill. The orc wizard barely misses you.
Fire: 29 bolts
Press: ? - help, Q - select action, (/) - cycle Shift-Dir - straight line, f/p - orc wizard
Aim: an orc wizard, wielding a +0 dagger and wearing a +0 robe (61% to hit)
You shoot a bolt. The bolt barely misses the orc wizard.
The bolt hits the orc.
The orc is heavily wounded.
The orc wizard casts a spell at you. The puff of flame hits you.
* * * LOW HITPOINT WARNING * * *
Fire: 28 bolts
Press: ? - help, Q - select action, (/) - cycle Shift-Dir - straight line, f/p - orc wizard
Aim: an orc wizard, wielding a +0 dagger and wearing a +0 robe (61% to hit)
You shoot a bolt. The bolt closely misses the orc wizard.
The bolt hits the orc.
The orc is severely wounded.
The orc wizard points at you and mumbles some strange words.
The magic dart hits you.
You die...

###..#################.#
#.#
#....................#
#>#####
#.##################.#
#...)). #.# #.# #######
#.######### #.#
#.#.......#### ####.#
#.#........... ..##
#.#.......######)..#
#..........†..@oo...
###......>######...#
#.......# #.## #^......#
.# ###.... #


You could see an orc wizard and an orc.

Vanquished Creatures
  An orc wizard (D:3)
  4 gnolls (D:2)
  2 adders
  4 orcs (D:3)
  3 ball pythons (D:1)
  3 endoplasms
  5 giant cockroaches
  7 goblins
  4 hobgoblins
  4 kobolds
  A quokka (D:2)
  5 bats
  2 frilled lizards (D:1)
  5 rats
50 creatures vanquished.

Notes
Turn   | Place    | Note
-------+----------+-------------------------------------------
     0 | D:1      | Host24 the Kobold Hunter began the quest for the Orb.
     0 | D:1      | Reached XP level 1. HP: 12/12 MP: 1/1
   134 | D:1      | Reached skill level 5 in Crossbows
   336 | D:1      | Reached XP level 2. HP: 18/18 MP: 2/2
  1088 | D:1      | Reached XP level 3. HP: 10/23 MP: 3/3
  1684 | D:2      | Identified the +10 mace of Zerappyz {freeze, Fly rPois
                  | rCorr Int-3 Stlth-}
  1961 | D:2      | Reached XP level 4. HP: 28/28 MP: 4/4
  1963 | D:2      | Reached skill level 6 in Crossbows
  1970 | D:2      | Reached skill level 1 in Maces & Flails
  2673 | D:3      | Reached XP level 5. HP: 32/32 MP: 5/5
  3036 | D:3      | Found an iron altar of Okawaru.
  3042 | D:3      | Became a worshipper of Warmaster Okawaru
  3116 | D:3      | Killed from afar by an orc wizard

Illustrated notes

Levels and vault maps discovered:
D:1:      tarquinn_simple_flora_water_a, layout_loops_corners, minmay_hedge_maze
D:2:      layout_loops_ring
D:3:      layout_loops_ring, lemuel_round_altar, eino_tiny_chamber

Skill      XL: |  1  2  3  4 |
---------------+-------------+-----
Crossbows      | 5 6 |  6.6
Fighting       | 3 |  3.0
Dodging        | 3 |  3.0
Maces & Flails | 1 |  1.4
Stealth        | |  1.3

Action                   |  1- 3 |  4- 6 || total
-------------------------+-------+-------++-------
Melee: Short sword       |    82 |       ||    82
       Punch             |     2 |     2 ||     4
       Mace              |    12 |    27 ||    39
 Fire: Hand crossbow     |     2 |     3 ||     5
  Use: Potion            |       |     2 ||     2
 Stab: Sleeping          |    13 |     1 ||    14
Armor: Leather armour    |    21 |    13 ||    34
Dodge: Dodged            |    66 |    23 ||    89
